 Dungeon Sprint DCSS version 0.30-a0-374-g95c0257040 (webtiles) character file.

Game seed: 9562185173511563496

754 rocky1 the Thaumaturge (level 7, -3/91 HPs)
             Began as a Gnoll Warper on Nov 26, 2022.
             Was the Champion of Cheibriados.
             Slain by a sixfirhy (12 damage)
             ... in the Dungeon (Sprint VII: "The Pits").
             The game lasted 00:02:35 (984 turns).

rocky1 the Thaumaturge (Gnoll Warper)                Turns: 984, Time: 00:02:35

Health: -3/91      AC:  3    Str: 25    XL:     7   Next: 79%
Magic:  11/18      EV: 19    Int: 27    God:    Cheibriados [******]
Gold:   0          SH:  0    Dex: 29    Spells: 10/22 levels left

rFire   . . .      SeeInvis .    n - +3 long sword (flame)
rCold   . . .      Faith    .    (no shield)
rNeg    . . .      Spirit   .    b - +0 leather armour
rPois   .          Reflect  .    (no helmet)
rElec   .          Harm     .    (no cloak)
rCorr   .          Rampage  .    (no gloves)
Will    .....      NoTele   +    (no boots)
Stlth   ..........               (no amulet)
HPRegen 0.35/turn                (no ring)
MPRegen 0.16/turn                (no ring)

@: berserking, very slow
A: fangs 1, strong nose, distributed training
a: Renounce Religion, Bend Time, Temporal Distortion, Slouch, Step From Time


You were in the Dungeon.
You worshipped Cheibriados.
Cheibriados was exalted by your worship.
You visited 1 branch

Inventory:

Hand Weapons
 a - a +0 falchion
 m - a +2 falchion
 n - a +3 long sword of flaming (weapon)
Missiles
 d - 7 boomerangs of dispersal (quivered)
Armour
 b - a +0 leather armour (worn)
Scrolls
 c - 2 scrolls of blinking
 k - 5 scrolls of amnesia
 l - a scroll of summoning
Potions
 e - 6 potions of curing
 f - 5 potions of heal wounds
 g - a potion of haste
 h - 4 potions of magic
 j - 2 potions of invisibility


   Skills:
 + Level 7.7 Fighting
 + Level 6.1 Short Blades
 + Level 7.7 Long Blades
 + Level 6.1 Axes
 + Level 6.1 Maces & Flails
 + Level 6.1 Polearms
 + Level 6.1 Staves
 + Level 6.1 Ranged Weapons
 + Level 6.7 Throwing
 + Level 6.7 Armour
 + Level 7.7 Dodging
 + Level 6.1 Stealth
 + Level 6.1 Shields
 + Level 6.1 Unarmed Combat
 + Level 8.0 Spellcasting
 + Level 5.0 Conjurations
 + Level 5.0 Hexes
 + Level 5.0 Summonings
 + Level 5.0 Necromancy
 + Level 7.5 Translocations
 + Level 5.0 Transmutations
 + Level 5.0 Fire Magic
 + Level 5.0 Ice Magic
 + Level 5.0 Air Magic
 + Level 5.0 Earth Magic
 + Level 5.0 Poison Magic
 + Level 6.7 Invocations
 + Level 6.1 Evocations


You had 10 spell levels left.
You knew the following spells:

 Your Spells              Type           Power      Damage    Failure   Level
a - Blink                 Tloc           100%       N/A       1%          2
b - Vhi's Electric Charg  Tloc/Air       88%        N/A       1%          3
c - Manifold Assault      Tloc           51%        N/A       2%          4
d - Lesser Beckoning      Tloc           100%       N/A       1%          3

Your spell library contained the following spells:

 Spells                   Type           Power      Damage    Failure   Level
 Teleport Other           Tloc           51%        N/A       1%          3


Dungeon Overview and Level Annotations

Branches:
Dungeon (1/1)

Altars:
Ashenzari
Cheibriados
Dithmenos
Elyvilon
Fedhas
Gozag
Hepliaklqana
Kikubaaqudgha
Makhleb
Nemelex Xobeh
Okawaru
Qazlal
Ru
Sif Muna
Trog
Uskayaw
Vehumet
Wu Jian
Xom
Yredelemnul
Zin
The Shining One
Jiyva
Lugonu


Innate Abilities, Weirdness & Mutations

You have very sharp teeth.
Your uncanny sense of smell can sniff out nearby items.
Your experience applies equally to all skills.


Message History

You destroy the mummy!
Cheibriados appreciates the change of pace.
Cheibriados raises the support of your attributes as your movement slows.
You hit the sixfirhy. You burn the sixfirhy.
Your Spellcasting skill increases to level 8!
Unknown command.
You barely miss the sixfirhy.
The sixfirhy is lightly wounded.
The sixfirhy hits you! The sixfirhy shocks you! The sixfirhy misses you.
The sixfirhy closely misses you. The sixfirhy completely misses you.
You slash the sixfirhy! You burn the sixfirhy.
The sixfirhy is moderately wounded.
The sixfirhy closely misses you. The sixfirhy hits you!
The sixfirhy shocks you!
* * * LOW HITPOINT WARNING * * *
The sixfirhy completely misses you. The sixfirhy hits you.
* * * LOW HITPOINT WARNING * * *
The sixfirhy shocks you!
* * * LOW HITPOINT WARNING * * *
Unknown command.
You feel much better.
Unknown command.
A red film seems to cover your vision as you go berserk!
Cheibriados forces you to slow down.
You feel mighty!
You hit the sixfirhy. You burn the sixfirhy.
The sixfirhy is moderately wounded.
The sixfirhy closely misses you. The sixfirhy hits you!
The sixfirhy shocks you!
* * * LOW HITPOINT WARNING * * *
You slash the sixfirhy! You burn the sixfirhy.
The sixfirhy is severely wounded.
The sixfirhy barely misses you. The sixfirhy hits you.
* * * LOW HITPOINT WARNING * * *
The sixfirhy shocks you!
* * * LOW HITPOINT WARNING * * *
The sixfirhy hits you.
* * * LOW HITPOINT WARNING * * *
The sixfirhy shocks you!
You die...

#.#.....#'###...<...#
#.#........##.......#
#.#........##.......#
#'###########.......#
#.......#.. #########
#...#...#)# ###
#)..#...#.# ...#∆∆∆∆
#.##.##.#'#....#∆
#...#...#@3....+∆
#...#...#'#....#∆
#.......'.# ...#∆
########### ###


You could see a sixfirhy.

Vanquished Creatures
  A wraith (D)
  A water moccasin (D)
  2 ice beasts (D)
  A wolf (D)
  2 scorpions (D)
  A necrophage (D)
  A mummy (D)
  3 gnolls (D)
  A white imp (D)
  An ufetubus (D)
  A bat (D)
  A giant cockroach (D)
  2 goblins (D)
  A hobgoblin (D)
  2 jackals (D)
  A frilled lizard (D)
  2 kobolds (D)
24 creatures vanquished.

Notes
Turn   | Place    | Note
-------+----------+-------------------------------------------
     0 | D        | rocky1 the Gnoll Warper began the quest for the Orb.
     0 | D        | Reached XP level 1. HP: 20/20 MP: 6/6
    11 | D        | Noticed a scorpion
    21 | D        | Killed a scorpion
    22 | D        | Reached skill level 5 in Fighting
    22 | D        | Reached skill level 5 in Long Blades
    22 | D        | Reached skill level 5 in Dodging
    22 | D        | Reached skill level 5 in Spellcasting
    22 | D        | Reached XP level 2. HP: 20/27 MP: 6/8
    22 | D        | Reached XP level 3. HP: 24/33 MP: 7/10
    22 | D        | Reached XP level 4. HP: 29/39 MP: 7/11
   140 | D        | Found a bloodstained altar of Trog.
   140 | D        | Found a shimmering blue altar of Sif Muna.
   140 | D        | Found a viscous altar of Jiyva.
   140 | D        | Found a hazy altar of Hepliaklqana.
   140 | D        | Found an opulent altar of Gozag.
   141 | D        | Found a glowing golden altar of the Shining One.
   141 | D        | Found a glowing silver altar of Zin.
   141 | D        | Found a basalt altar of Yredelemnul.
   141 | D        | Found a shimmering altar of Xom.
   141 | D        | Found an ornate altar of the Wu Jian Council.
   141 | D        | Found a sacrificial altar of Ru.
   141 | D        | Found a stormy altar of Qazlal.
   141 | D        | Found an iron altar of Okawaru.
   141 | D        | Found a sparkling altar of Nemelex Xobeh.
   141 | D        | Found a burning altar of Makhleb.
   141 | D        | Found a blossoming altar of Fedhas.
   141 | D        | Found a white marble altar of Elyvilon.
   141 | D        | Found a shadowy altar of Dithmenos.
   141 | D        | Found a snail-covered altar of Cheibriados.
   143 | D        | Found a radiant altar of Vehumet.
   143 | D        | Found a corrupted altar of Lugonu.
   144 | D        | Found a hide-covered altar of Uskayaw.
   144 | D        | Found an ancient bone altar of Kikubaaqudgha.
   144 | D        | Found a broken altar of Ashenzari.
   152 | D        | Became a worshipper of Cheibriados the Contemplative
   172 | D        | Learned a level 2 spell: Blink
   176 | D        | Learned a level 3 spell: Vhi's Electric Charge
   181 | D        | Learned a level 4 spell: Manifold Assault
   185 | D        | Learned a level 3 spell: Lesser Beckoning
   191 | D        | Reached * piety under Cheibriados
   202 | D        | Noticed a wolf
   211 | D        | Killed a wolf
   211 | D        | Reached ** piety under Cheibriados
   212 | D        | Reached skill level 6 in Spellcasting
   212 | D        | Reached XP level 5. HP: 46/46 MP: 9/13
   215 | D        | Reached *** piety under Cheibriados
   404 | D        | Noticed an ice beast
   405 | D        | Reached **** piety under Cheibriados
   406 | D        | Killed an ice beast
   407 | D        | Reached skill level 5 in Throwing
   407 | D        | Reached skill level 5 in Armour
   407 | D        | Reached XP level 6. HP: 53/53 MP: 9/15
   409 | D        | Reached skill level 5 in Invocations
   410 | D        | Reached ***** piety under Cheibriados
   411 | D        | Reached skill level 7 in Spellcasting
   506 | D        | Noticed a water moccasin
   511 | D        | Killed a water moccasin
   512 | D        | Reached skill level 5 in Short Blades
   512 | D        | Reached skill level 5 in Axes
   512 | D        | Reached skill level 5 in Maces & Flails
   512 | D        | Reached skill level 5 in Polearms
   512 | D        | Reached skill level 5 in Staves
   512 | D        | Reached skill level 5 in Ranged Weapons
   512 | D        | Reached skill level 5 in Stealth
   512 | D        | Reached skill level 5 in Shields
   512 | D        | Reached skill level 5 in Unarmed Combat
   512 | D        | Reached skill level 5 in Evocations
   605 | D        | Noticed a wraith
   609 | D        | Killed a wraith
   610 | D        | Reached XP level 7. HP: 36/60 MP: 15/18
   686 | D        | Reached skill level 5 in Conjurations
   686 | D        | Reached skill level 5 in Hexes
   686 | D        | Reached skill level 5 in Summonings
   686 | D        | Reached skill level 5 in Necromancy
   686 | D        | Reached skill level 5 in Transmutations
   686 | D        | Reached skill level 5 in Fire Magic
   686 | D        | Reached skill level 5 in Ice Magic
   686 | D        | Reached skill level 5 in Air Magic
   686 | D        | Reached skill level 5 in Earth Magic
   686 | D        | Reached skill level 5 in Poison Magic
   976 | D        | Noticed a sixfirhy
   978 | D        | Reached ****** piety under Cheibriados
   979 | D        | Reached skill level 8 in Spellcasting
   980 | D        | HP: 3/61 [sixfirhy (11)]
   984 | D        | Slain by a sixfirhy

Illustrated notes

Levels and vault maps discovered:
D:        pitsprint [storerooms_1, entrance_room_1, metal_vault_3, armoury_2,
          mini_pit_1, grid_room_1, main_hall_1, silver_pit, the_coven_3,
          the_vestibule_1, steel_vault_2, golden_pit, hallway_of_sentries,
          crystal_vault_5, iron_vault_4, final_vault]

Skill      XL: |  1  2  3  4  5  6  7 |
---------------+----------------------+-----
Fighting       | 5 6 7 |  7.7
Short Blades   | 2 3 4 5 6 |  6.1
Long Blades    | 5 6 7 |  7.7
Axes           | 2 3 4 5 6 |  6.1
Maces & Flails | 2 3 4 5 6 |  6.1
Polearms       | 2 3 4 5 6 |  6.1
Staves         | 2 3 4 5 6 |  6.1
Ranged Weapons | 2 3 4 5 6 |  6.1
Throwing       | 3 4 5 6 |  6.7
Armour         | 3 4 5 6 |  6.7
Dodging        | 5 6 7 |  7.7
Stealth        | 2 3 4 5 6 |  6.1
Shields        | 2 3 4 5 6 |  6.1
Unarmed Combat | 2 3 4 5 6 |  6.1
Spellcasting   | 5 6 7 8 |  8.0
Conjurations   | 2 3 4 5 |  5.0
Hexes          | 2 3 4 5 |  5.0
Summonings     | 2 3 4 5 |  5.0
Necromancy     | 2 3 4 5 |  5.0
Transmutations | 2 3 4 5 |  5.0
Fire Magic     | 2 3 4 5 |  5.0
Ice Magic      | 2 3 4 5 |  5.0
Air Magic      | 2 3 4 5 |  5.0
Earth Magic    | 2 3 4 5 |  5.0
Poison Magic   | 2 3 4 5 |  5.0
Invocations    | 2 3 4 6 |  6.7
Evocations     | 2 3 4 5 6 |  6.1
Translocations | 6 7 |  7.5

Action                   |  1- 3 |  4- 6 |  7- 9 || total
-------------------------+-------+-------+-------++-------
Melee: Falchion          |     8 |    21 |       ||    29
       Bite              |     2 |     4 |       ||     6
       Long sword        |       |    19 |    23 ||    42
 Cast: Vhi's Electric Ch |       |     2 |       ||     2
       Manifold Assault  |       |     3 |     6 ||     9
  Use: Potion            |     1 |     1 |     2 ||     4
 Stab: Sleeping          |       |     1 |       ||     1
Armor: Leather armour    |     2 |     4 |       ||     6
Dodge: Dodged            |     2 |    33 |    10 ||    45

Table legend: (Time is in decaauts)
 A = Elapsed time spent in this place.
 B = Non-inter-level travel time spent in this place.
 C = Inter-level travel time spent in this place.
 D = Time resting spent in this place.
 E = Time spent auto-exploring this place.
 F = Levels seen in this place.
 G = Mean time per level.
                   A        B        C        D        E       F      G
               +--------+--------+--------+--------+--------+-----+--------+
         Total |   1078 |   1045 |     33 |    777 |      0 |   1 | 1078.0 |
       Dungeon |   1078 |   1045 |     33 |    777 |      0 |   1 | 1078.0 |
               +--------+--------+--------+--------+--------+-----+--------+

Top non-repeatable levels by time:
       D: 1078 daAuts
